[Event "Early-Titled-Tuesday-Blitz-October-10-2023"]
[Site "Chess.com"]
[Date "2023.10.10"]
[Round "4"]
[White "RamonManon0g"]
[Black "guillembaches"]
[Result "1/2-1/2"]
[WhiteElo "2328"]
[BlackElo "2505"]
[TimeControl "180+1"]
[EndTime "8:37:59 PDT"]
[Termination "Game drawn by repetition"]

1. e4 d5 2. exd5 Qxd5 3. Nc3 Qa5 4. d4 Nf6 5. Nf3 Bf5 6. Bc4 e6 7. O-O c6 8. a3 Be7 9. Re1 O-O 10. Bg5 Nbd7 11. Ne5 Rad8 12. Qe2 Qb6 13. Bb3 Qxd4 14. Rad1 Qxe5 15. Qxe5 Nxe5 16. Rxe5 Rxd1+ 17. Nxd1 Rd8 18. Ne3 Bg6 19. h3 h6 20. Bh4 Bd6 21. Ra5 a6 22. c3 Rd7 23. Ra4 Be7 24. Rd4 Rxd4 25. cxd4 Nd5 26. Bg3 Nxe3 27. fxe3 Be4 28. Bc7 Kf8 29.
Kf2 Ke8 30. Be5 f6 31. Bb8 Kd7 32. Bc4 Bd6 33. Ba7 b5 34. Bb3 Bd5 35. Bxd5 cxd5 36. Bb6 Be7 37. Bc5 e5 38. b4 e4 39. Kg3 Bd6+ 40.
Kg4 g6 41. h4 h5+ 42. Kh3 Ke6 43. g4 hxg4+ 44. Kxg4 Be7 45. Kf4 Bd8 46. Kg4 f5+ 47. Kg3 Kf7 48. Bd6 Bf6 49. Bf4 Bd8 50. Kh3 Bf6 51. Kg3 Bd8 52. Kh3 Bf6 53. Kg3 1/2-1/2

[Event "Early-Titled-Tuesday-Blitz-October-10-2023"]
[Site "Chess.com"]
[Date "2023.10.10"]
[Round "4"]
[White "wonderfultime"]
[Black "ferrufino64"]
[Result "1-0"]
[WhiteElo "2981"]
[BlackElo "2196"]
[TimeControl "180+1"]
[EndTime "8:38:00 PDT"]
[Termination "wonderfultime won on time"]

1. d4 d5 2. Nf3 Nf6 3. Bf4 e6 4. e3 c5 5. c3 Nc6 6. Nbd2 Bd6 7. Bg3 Bxg3 8. hxg3 Qd6 9. Qa4 O-O 10. Bd3 e5 11. dxc5 Qxc5 12. e4 a6 13. exd5 Qxd5 14. Bc4 Qc5 15.
Be2 Bf5 16. Nb3 Qe7 17. Qh4 Rad8 18. O-O Qc7 19. Rfe1 Rfe8 20. Rad1 Ne7 21. Bf1 Rxd1 22. Rxd1 Ng6 23. Qb4 Bc8 24. Qc5 Qxc5 25. Nxc5 Kf8 26. a4 Ke7 27. Bc4 Rf8 28. a5 Nd7 29.
Ne4 f6 30. Nd6 Rd8 31. Nf5+ Kf8 32. Be6 Ne7 33. N3h4 Nxf5 34. Nxf5 g6 35. Ne3 Ke7 36.
Bd5 Nc5 37. b4 Ne6 38. Re1 Nc7 39. Bc4 Rd2 40. f4 1-0

[Event "Early-Titled-Tuesday-Blitz-October-10-2023"]
[Site "Chess.com"]
[Date "2023.10.10"]
[Round "4"]
[White "Irina_Mikhaylova"]
[Black "bennyficial"]
[Result "1/2-1/2"]
[WhiteElo "2295"]
[BlackElo "2136"]
[TimeControl "180+1"]
[EndTime "8:38:00 PDT"]
[Termination "Game drawn by repetition"]

1. d4 Nf6 2. Nf3 d5 3. c4 e6 4.
Nc3 Bb4 5. Bg5 dxc4 6. e4 h6 7. Bxf6 Qxf6 8. Bxc4 c5 9. Rc1 O-O 10. dxc5 Na6 11. c6 bxc6 12. O-O e5 13. Qa4 Bxc3 14. Rxc3 Nc5 15. Qc2 Ne6 16. Bxe6 Bxe6 17. Rxc6 Qf4 18. Re1 Rac8 19. b3 Bg4 20. Rxc8 Rxc8 21. Qd2 Bxf3 22. Qxf4 exf4 23. gxf3 Rc2 24. Ra1 Rb2 25. Kg2 f6 26. Rc1 Rxa2 27. Rc8+ Kf7 28. Rc7+ Kg6 29. Rb7 h5 30. h4 Kh6 31. b4 g5 32. e5 fxe5 33.
hxg5+ Kxg5 34. Re7 Kf6 35. Rh7 Ra4 36. Rb7 Ra2 37.
b5 Ke6 38. b6 axb6 39. Rxb6+ Kf5 40. Rh6 Kg5 41. Re6 Re2 42. Re8 Kf5 43. Rf8+ Kg6 44. Rg8+ Kf7 45. Rh8 Kg6 46. Rg8+ Kf7 47. Rh8 Kg6 48.
Rg8+ 1/2-1/2

[Event "Early-Titled-Tuesday-Blitz-October-10-2023"]
[Site "Chess.com"]
[Date "2023.10.10"]
[Round "4"]
[White "shimastream"]
[Black "djokovic74"]
[Result "1-0"]
[WhiteElo "2985"]
[BlackElo "2745"]
[TimeControl "180+1"]
[EndTime "8:38:01 PDT"]
[Termination "shimastream won by checkmate"]

1. d4 e6 2. g3 Nf6 3. Bg2 d5 4. Nf3 Be7 5. c4 O-O 6. Nc3 c6 7. O-O a5 8. Nd2 b5 9. cxb5 cxb5 10. Nxb5 Qb6 11. Nc3 Nc6 12. Nf3 Ba6 13. b3 Rac8 14.
Bb2 Rfd8 15. Rc1 Qa7 16. Re1 Ne4 17. a3 Qb7 18. e3 Rb8 19. Nxe4 dxe4 20. Nd2 f5 21.
Nxe4 fxe4 22. Bxe4 Qxb3 23. Rxc6 Qxb2 24. Rxa6 Qxa3 25. Qh5 g6 26. Bxg6 hxg6 27. Qxg6+ Kf8 28. Qh6+ Ke8 29. Qh5+ Kf8 30. Rxa5 Qb4 31. Rea1 Rd5 32. Rxd5 exd5 33. Qxd5 Qb7 34. Qxb7 Rxb7 35. Kg2 Rb2 36. h4 Kf7 37. Kf3 Bb4 38. h5 Kg7 39. g4 Be7 40. Kg3 Rb3 41. Ra6 Rc3 42. Rg6+ Kf7 43. Ra6 Rb3 44. Kf4 Rb2 45. f3 Rh2 46. e4 Bb4 47. e5 Rf2 48. Ke4 Re2+ 49. Kf5 Rf2 50. Ra7+ Be7 51. f4 Rf1 52. d5 Kf8 53. d6 Bh4 54. h6 Bg3 55. Ra8+ Kf7 56. e6# 1-0

[Event "Early-Titled-Tuesday-Blitz-October-10-2023"]
[Site "Chess.com"]
[Date "2023.10.10"]
[Round "4"]
[White "norwaytoadog"]
[Black "Zq1"]
[Result "0-1"]
[WhiteElo "2328"]
[BlackElo "2516"]
[TimeControl "180+1"]
[EndTime "8:38:01 PDT"]
[Termination "Zq1 won on time"]

1. e4 c5 2. Nf3 d6 3. Bb5+ Bd7 4.
Bxd7+ Qxd7 5. O-O Nc6 6. Qe2 Nf6 7. Rd1 e6 8. c3 Be7 9. d4 cxd4 10. cxd4 d5 11.
e5 Ne4 12. Ne1 h6 13. Nc3 Nxc3 14. bxc3 O-O 15. Nd3 Rac8 16. Nf4 Bg5 17. Nh5 Bxc1 18. Raxc1 Ne7 19. Qg4 Ng6 20. Rd3 Kh7 21. Rh3 Rh8 22.
f4 b5 23. Rf1 b4 24. cxb4 Rc4 25. Rd3 Rxb4 26. h4 Qe7 27. Nxg7 Kxg7 28. h5 Qh4 29. Rg3 Qxg4 30. Rxg4 Rxd4 31. hxg6 fxg6 32. Rc1 Rf8 33.
g3 Rd2 34. Rc6 Rb8 35. Rc1 h5 36. Rh4 Rbb2 37. f5 exf5 38. e6 Re2 39. Ra4 Rxa2 40. Rb4 Kf6 0-1

[Event "Early-Titled-Tuesday-Blitz-October-10-2023"]
[Site "Chess.com"]
[Date "2023.10.10"]
[Round "4"]
[White "carokannlover213"]
[Black "mortngabriel"]
[Result "1-0"]
[WhiteElo "2733"]
[BlackElo "2535"]
[TimeControl "180+1"]
[EndTime "8:38:04 PDT"]
[Termination "carokannlover213 won by resignation"]

1. e4 e5 2. f3 Nf6 3. Ne2 d5 4.
exd5 Nxd5 5. Nbc3 Nc6 6. Nxd5 Qxd5 7. Nc3 Qe6 8. b3 Bd7 9. Bc4 Qg6 10. O-O O-O-O 11.
Kh1 Nd4 12. Bd3 Bf5 13. Bxf5+ Qxf5 14. Ne4 Qg6 15. Bb2 f5 16. Nf2 Bd6 17. Bxd4 exd4 18. Nd3 Qf6 19. f4 Rhe8 20. Qh5 g6 21. Qf3 Re4 22. Rfe1 Rde8 23. g3 R8e6 24. Kg1 Qe7 25. Kf1 h5 26. h4 Bb4 27. Qf2 Bd6 28. Qf3 c6 29. a4 Bb4 30. Qf2 Bd6 31. a5 a6 32.
Rab1 c5 33. Nb2 Bc7 34. Nc4 Kd7 35. d3 Rxe1+ 36. Rxe1 Kc6 37. Qf3+ Kd7 38. Rxe6 Qxe6 39. Qxb7 Qc6 40. Ne5+ 1-0

[Event "Early-Titled-Tuesday-Blitz-October-10-2023"]
[Site "Chess.com"]
[Date "2023.10.10"]
[Round "4"]
[White "Jospem"]
[Black "PeshkaCh"]
[Result "1-0"]
[WhiteElo "3104"]
[BlackElo "2825"]
[TimeControl "180+1"]
[EndTime "8:38:05 PDT"]
[Termination "Jospem won by checkmate"]

1. e4 e5 2. Nf3 Nc6 3. Nc3 Nf6 4. h3 d5 5. exd5 Nxd5 6. Bb5 Nxc3 7. bxc3 Bd6 8. O-O O-O 9. d4 exd4 10. cxd4 Bf5 11. Bg5 Qc8 12. Re1 a6 13. Bc4 h6 14. Be3 Re8 15. c3 b5 16. Bf1 Be4 17. Nd2 Bd5 18. a4 Qb7 19. Rb1 Qc8 20. axb5 axb5 21. Rxb5 Ne7 22. c4 Bc6 23. c5 Bxb5 24. Bxb5 c6 25. cxd6 cxb5 26. dxe7 Rxe7 27. Qb3 Qf5 28. Rc1 Rb8 29.
Rc5 Qd7 30. Qb4 Ree8 31. Nf3 Rec8 32. Ne5 Qe8 33. Nd3 Qe4 34. Rxc8+ Rxc8 35. Qxb5 Ra8 36.
Nf4 Rd8 37. Qd3 Qb7 38. h4 Qa8 39. h5 Qa1+ 40. Kh2 Qa5 41. d5 Qc7 42. g3 Qe5 43. Kg2 Qd6 44. Qe4 Qd7 45. Bd4 Re8 46. Qf3 Re1 47. Bc3 Rc1 48. Qe3 Rb1 49. Qd4 f6 50. Qe4 Qb5 51. Kh3 Qf1+ 52. Kg4 Qd1+ 53. Qe2 Qa4 54. Qe6+ Kh8 55. Bxf6 Qd1+ 56. f3 gxf6 57.
Qe8+ Kg7 58. Ne6+ Kh7 59. Qf7+ Kh8 60. Qg7# 1-0

[Event "Early-Titled-Tuesday-Blitz-October-10-2023"]
[Site "Chess.com"]
[Date "2023.10.10"]
[Round "4"]
[White "JuniorJumper"]
[Black "WelshTiger"]
[Result "0-1"]
[WhiteElo "2606"]
[BlackElo "2413"]
[TimeControl "180+1"]
[EndTime "8:38:06 PDT"]
[Termination "WelshTiger won by resignation"]

1. d3 e5 2. g3 c6 3. Bg2 Nf6 4. Nf3 d6 5. O-O Be7 6. e4 O-O 7. c3 Bg4 8. h3 Bh5 9. Bg5 Nbd7 10.
Nbd2 Re8 11. Qc2 Nf8 12. d4 Qc7 13. Rfe1 Ne6 14. Be3 exd4 15. cxd4 d5 16. e5 Bg6 17. Qc1 Ne4 18. Nxe4 Bxe4 19. Ng5 Bxg2 20. Kxg2 Bxg5 21. Bxg5 Nxd4 22. Bf6 gxf6 23. exf6 Ne6 24. Qh6 Kh8 25. Rad1 Rg8 26. Rd4 Rg6 27. Qh5 Nf4+ 28. Rxf4 Qxf4 29.
Re7 Qxf6 30. Rxb7 Rag8 31. Rxa7 Kg7 32. Ra3 Re8 33. Rf3 Qe6 34. g4 Qe4 35. a4 Qxa4 36. Qf5 Re7 37. h4 Qe4 38. h5 Rxg4+ 39. Kh3 Qxf5 40.
Rxf5 Rge4 41. f4 h6 42. Kg4 Re1 43. b4 R7e2 44. b5 cxb5 45. Re5 Rxe5 46. fxe5 Rxe5 47. Kh4 Re6 48. Kg4 b4 49. Kf5 b3 50. Kf4 0-1

[Event "Early-Titled-Tuesday-Blitz-October-10-2023"]
[Site "Chess.com"]
[Date "2023.10.10"]
[Round "4"]
[White "Flaccidmoves"]
[Black "lolo9292"]
[Result "0-1"]
[WhiteElo "2431"]
[BlackElo "2170"]
[TimeControl "180+1"]
[EndTime "8:38:06 PDT"]
[Termination "lolo9292 won by checkmate"]

1. d4 Nf6 2. c4 e6 3. g3 d5 4.
Bg2 Bd7 5. cxd5 exd5 6. Nf3 Bb4+ 7. Nc3 O-O 8. O-O c6 9. a3 Be7 10. Ne5 Bf5 11. b4 Nbd7 12. b5 Nxe5 13. dxe5 Ne4 14.
Nxe4 Bxe4 15. Bxe4 dxe4 16. bxc6 bxc6 17. Be3 Qd5 18.
Qxd5 cxd5 19. a4 a5 20. Rfd1 Rfd8 21. Rac1 Rd7 22. Bc5 Bxc5 23. Rxc5 d4 24. Kf1 Kf8 25.
e3 Rad8 26. Rxd4 Rxd4 27. exd4 Rxd4 28. Rxa5 Rd2 29. Ke1 Ra2 30. Ra7 h5 31. a5 g6 32.
a6 Kg8 33. Kf1 Kf8 34. Kg1 Ra1+ 35. Kg2 Ra2 36. Kf1 Kg8 37. Ra8+ Kg7 38. a7 Kh7 39. h3 Kg7 40. g4 hxg4 41. hxg4 Kh7 42. e6 fxe6 43. Re8 Rxa7 44. Rxe6 Ra4 45. Ke2 Kh6 46. Re5 Kg7 47. Ke3 Kf6 48. Rxe4 Ra3+ 49. Kf4 g5# 0-1

[Event "Early-Titled-Tuesday-Blitz-October-10-2023"]
[Site "Chess.com"]
[Date "2023.10.10"]
[Round "4"]
[White "SanchezKelvin"]
[Black "Cayse"]
[Result "0-1"]
[WhiteElo "2580"]
[BlackElo "2836"]
[TimeControl "180+1"]
[EndTime "8:38:07 PDT"]
[Termination "Cayse won by resignation"]

1. e4 e5 2. Nf3 Nc6 3. Bb5 a6 4. Ba4 Nf6 5. O-O Be7 6. Re1 b5 7. Bb3 O-O 8. a4 b4 9. d4 d6 10.
dxe5 Nxe5 11. Nbd2 Nxf3+ 12. Nxf3 Bb7 13. Qd3 Nd7 14. Be3 Bf6 15. Rab1 a5 16. Bc4 Qe7 17. Nd2 Ne5 18. Qe2 Nxc4 19. Qxc4 Rfe8 20. f3 Qd7 21.
Qb3 d5 22. exd5 Bxd5 23. Qd3 Rad8 24. Bf2 Qxa4 25. Rxe8+ Qxe8 26. Qa6 a4 27. Qa5 Ba2 28. Re1 Qc6 29. Qxb4 Qxc2 30. Ne4 Bxb2 31. Qe7 Ra8 32. Nc3 Be6 33. Nd5 h6 34. Nxc7 Bf6 35. Qd6 Rd8 36.
Qb6 Bb3 37. Nb5 Rd1 38. h4 Kh7 39. Kh2 Rxe1 40. Bxe1 Be5+ 41. Bg3 Bxg3+ 42. Kxg3 Qg6+ 43. Kf2 Qxb6+ 0-1

[Event "Early-Titled-Tuesday-Blitz-October-10-2023"]
[Site "Chess.com"]
[Date "2023.10.10"]
[Round "4"]
[White "Eagle_2019"]
[Black "Orest_Vovk"]
[Result "1-0"]
[WhiteElo "2724"]
[BlackElo "2524"]
[TimeControl "180+1"]
[EndTime "8:38:07 PDT"]
[Termination "Eagle_2019 won by resignation"]

1. d4 h6 2. e4 g5 3. Bc4 Bg7 4. Ne2 c5 5. O-O cxd4 6. Nxd4 Nc6 7. Nf5 Be5 8. Nc3 Bxc3 9. bxc3 d6 10. Qd5 Rh7 11.
f4 Be6 12. Qd3 gxf4 13. Bxf4 Bxc4 14. Qxc4 Nf6 15. Rab1 Qd7 16. Bxh6 Ne5 17. Qe2 O-O-O 18. Bg5 Rg8 19. Bxf6 exf6 20. Qb5 Qxb5 21. Nxd6+ Kb8 22.
Rxb5 b6 23. Rxf6 Ng4 24. Rxf7 Rxf7 25. Nxf7 Ne3 26. Rg5 Re8 27. Nd6 Re6 28. Rg8+ Kc7 29.
Nb5+ Kb7 30. Rg7+ Kb8 31. Kf2 Nxc2 32. Kf3 Ne1+ 33. Kf2 Nd3+ 34. Ke3 Nc5 35. Rg4 a6 36. Nd4 Rh6 37. h4 Na4 38. Nf5 Rh8 39. c4 Nb2 40. e5 b5 41. c5 Nc4+ 42. Rxc4 Re8 43. Re4 1-0

[Event "Early-Titled-Tuesday-Blitz-October-10-2023"]
[Site "Chess.com"]
[Date "2023.10.10"]
[Round "4"]
[White "Baku_Boulevard"]
[Black "TERMINATOR_PC"]
[Result "0-1"]
[WhiteElo "3032"]
[BlackElo "2631"]
[TimeControl "180+1"]
[EndTime "8:38:08 PDT"]
[Termination "TERMINATOR_PC won by resignation"]

1. e4 e5 2. Nf3 Nc6 3. Bb5 g6 4. d4 exd4 5. Bg5 Be7 6. Bxe7 Qxe7 7. Bxc6 dxc6 8. Qxd4 Nf6 9. Nc3 Bg4 10. O-O-O Bxf3 11.
gxf3 O-O 12. Qe3 Rfe8 13. Rhg1 b6 14. h4 Rad8 15. Rde1 Qe5 16. Ne2 Qa5 17. Kb1 Qd2 18. Nf4 Qxe3 19. fxe3 Rd2 20. h5 Rf2 21. hxg6 hxg6 22.
Rg3 c5 23. Kc1 c4 24. Rh1 Rd8 25. Nh3 Re2 26. Nf4 Rxe3 27. Rgh3 Kg7 28. Rg1 c3 29. bxc3 Rh8 30. Rhg3 Rh2 31. Kb2 Nh5 32. Nxh5+ Rxh5 33. a4 Rc5 34. f4 Rcxc3 35. Rxe3 Rxe3 36. e5 Re4 37. Rg4 Rxa4 38. Kc3 b5 39. Kd3 Rc4 40. Ke3 Kf8 41.
Rh4 Ke7 42. Rh8 a5 43. Ra8 a4 44. Ra7 Ke6 45. Ra6+ c6 46. Ra7 Rxc2 47. Ra8 Rc3+ 48.
Ke4 Rc4+ 49. Ke3 Kf5 50. Rf8 Re4+ 51. Kd3 Rxf4 52. Rxf7+ Kxe5 53. Rg7 Kf6 54. Rc7 Rc4 55. Ra7 g5 56. Ra8 g4 57. Rf8+ Kg5 58. Rg8+ Kf4 0-1

[Event "Early-Titled-Tuesday-Blitz-October-10-2023"]
[Site "Chess.com"]
[Date "2023.10.10"]
[Round "4"]
[White "CarlosjPineror"]
[Black "invisible_s0ul"]
[Result "0-1"]
[WhiteElo "2489"]
[BlackElo "2309"]
[TimeControl "180+1"]
[EndTime "8:38:09 PDT"]
[Termination "invisible_s0ul won by resignation"]

1. e4 c5 2. Nf3 d6 3. d4 cxd4 4. Nxd4 Nf6 5. Nc3 a6 6. Bg5 e6 7.
f4 h6 8. Bh4 Qb6 9. a3 Be7 10.
Bf2 Qc7 11. Qf3 Nc6 12. O-O-O Bd7 13. Bd3 Rc8 14. h3 b5 15. g4 b4 16. axb4 Nxb4 17.
Rhe1 Qa5 18. Nb3 Na2+ 19. Kd2 Qb4 20. Bxa6 Ra8 21. Bd3 d5 22. e5 Nh7 23. Bd4 Ba4 24.
Ke3 Bxb3 25. cxb3 Qxb3 26. f5 Bg5+ 27. Kf2 Bh4+ 28. Kg1 Bxe1 29. Rxe1 Ng5 30. Qg2 O-O 31. h4 Nh7 32. g5 hxg5 33. hxg5 Nxc3 34. bxc3 exf5 35. Bxf5 g6 36. Bd3 Ra2 37. Qg3 Qb2 38. Re2 Qa1+ 39. Kf2 Rxe2+ 40. Bxe2 Qc1 41. Qe3 Qxe3+ 42.
Bxe3 Rc8 43. Bd2 Kf8 44. Bf3 Rc5 45. Ke2 Ke7 46. Kd3 Ke6 47. Bf4 Rc4 48. Bg4+ Ke7 49. Ke3 Rxc3+ 50. Kd4 Rc4+ 51. Ke3 Re4+ 52. Kf3 Re1 53.
Bh3 Ra1 54. Be3 Ra3 55. Kf4 Ra4+ 56. Kf3 Re4 57. Bc5+ Ke8 58. Bd6 Nxg5+ 59. Kg3 Nxh3 60. Kxh3 Rc4 0-1

[Event "Early-Titled-Tuesday-Blitz-October-10-2023"]
[Site "Chess.com"]
[Date "2023.10.10"]
[Round "4"]
[White "DvaHrasta"]
[Black "Darko-Dimitrijevic"]
[Result "1-0"]
[WhiteElo "2451"]
[BlackElo "2183"]
[TimeControl "180+1"]
[EndTime "8:38:09 PDT"]
[Termination "DvaHrasta won on time"]

1. c4 e5 2. g3 Bc5 3. Bg2 d6 4. Nc3 Nc6 5. e3 a5 6. Nf3 Nf6 7. d4 Bb4 8. O-O O-O 9. Nd5 a4 10. a3 Ba5 11. Nxf6+ Qxf6 12. d5 Ne7 13. e4 Bg4 14. h3 Bxf3 15. Bxf3 Bb6 16. Kg2 g6 17.
Be2 Qg7 18. Bd3 f5 19. f3 fxe4 20. Bxe4 Nf5 21. Qd3 Bd4 22. Bd2 Qd7 23. Rab1 b6 24. Rh1 Rf7 25. h4 h5 26. Bg5 Raf8 27. Rhe1 Bc5 28.
Rbd1 Kg7 29. Rd2 Qe8 30. Rh1 Rh8 31. Re2 Qd7 32. Qd1 Nd4 33. Ree1 Rhf8 34. Qd3 Nxf3 35. Ref1 Nxg5 36. hxg5 Rxf1 37. Rxf1 h4 38. Rxf8 Kxf8 39.
Bxg6 1-0

[Event "Early-Titled-Tuesday-Blitz-October-10-2023"]
[Site "Chess.com"]
[Date "2023.10.10"]
[Round "4"]
[White "Sergey85Rodchenkov"]
[Black "hawes33"]
[Result "1-0"]
[WhiteElo "2499"]
[BlackElo "2269"]
[TimeControl "180+1"]
[EndTime "8:38:09 PDT"]
[Termination "Sergey85Rodchenkov won by resignation"]

1. e4 c5 2. Nf3 d6 3. d4 cxd4 4. Nxd4 Nf6 5. Nc3 a6 6. Be3 b5 7. a4 b4 8. Nd5 Nxd5 9. exd5 Bb7 10. Bc4 g6 11. a5 Bg7 12. Ra4 Qc7 13. b3 O-O 14. O-O Nd7 15. Rxb4 Rab8 16. Ra4 Nc5 17. Ra2 Ne4 18. Qd3 Bxd5 19. Bxd5 Nc3 20. Ne6 fxe6 21.
Bxe6+ Kh8 22. Raa1 Nb5 23. c4 Nc3 24. Rfc1 Rxb3 25.
c5 d5 26. Bxd5 Rd8 27. Qc4 Rxd5 28. Qxb3 Ne2+ 29. Kh1 Nxc1 30. Rxc1 e6 31. Qb6 Be5 32. c6 Bxh2 33. Qxc7 Bxc7 34. Bb6 Rh5+ 35. Kg1 Bf4 36. c7 Bxc7 37. Rxc7 h6 38. Ra7 Rxa5 39. Bxa5 e5 40.
Rxa6 e4 41. Bc3+ Kg8 42. Bd2 Kf7 43. Be3 g5 44. g4 h5 45. gxh5 g4 46. Kg2 g3 47. Kxg3 Kg7 48. Kf4 Kh7 49. Kxe4 Kg7 50. f4 Kh7 51. f5 1-0

[Event "Early-Titled-Tuesday-Blitz-October-10-2023"]
[Site "Chess.com"]
[Date "2023.10.10"]
[Round "4"]
[White "abelmat"]
[Black "LamaChampetre"]
[Result "0-1"]
[WhiteElo "1935"]
[BlackElo "2250"]
[TimeControl "180+1"]
[EndTime "8:38:09 PDT"]
[Termination "LamaChampetre won on time"]

1. d4 Nf6 2. c4 g6 3. Nc3 d5 4.
Nf3 Bg7 5. g3 dxc4 6. Qa4+ Nfd7 7. Qxc4 Nc6 8. Bg2 Nb6 9. Qd3 Nxd4 10. O-O Nxf3+ 11. Qxf3 O-O 12. Rd1 Qe8 13. Bf4 c6 14. Bc7 Be6 15. h4 Nd5 16. Bf4 Nxf4 17. Qxf4 Qb8 18.
Qb4 Re8 19. Ne4 Bd5 20. Rd2 Qe5 21. Rad1 b6 22. Rxd5 cxd5 23. Rxd5 Qxb2 24. Qc4 Rac8 25. Qa6 Rc7 26. Ng5 h6 27. Ne4 Rec8 28. h5 g5 29. Bf3 g4 30. Bxg4 Qb1+ 31. Kg2 Qxe4+ 32. Bf3 Qe6 33.
Rd3 Rc5 34. Re3 Qf6 35. Qxa7 Rc2 36. Rxe7 Rf8 37. Rb7 Rb2 38. a4 Qd4 39. e3 Qxe3 40. Bg4 Qxf2+ 0-1

[Event "Early-Titled-Tuesday-Blitz-October-10-2023"]
[Site "Chess.com"]
[Date "2023.10.10"]
[Round "4"]
[White "Perecke"]
[Black "Abund"]
[Result "0-1"]
[WhiteElo "2551"]
[BlackElo "2781"]
[TimeControl "180+1"]
[EndTime "8:38:10 PDT"]
[Termination "Abund won on time"]

1. e4 e5 2. Nf3 Nc6 3. d4 exd4 4.
Bc4 Bc5 5. c3 Nf6 6. e5 d5 7.
Bb5 Ne4 8. Nxd4 O-O 9. Bxc6 bxc6 10. Be3 Qe8 11. f3 Nd6 12. f4 f6 13. O-O Nc4 14. Qe2 fxe5 15. fxe5 Rxf1+ 16. Kxf1 Qxe5 17. Bf2 Qxe2+ 18. Kxe2 Nxb2 19. Kf3 Bd7 20. Nd2 Rf8+ 21. Ke2 Re8+ 22. Kf1 Nd3 23. Bg3 Bb6 24. N4f3 Bc8 25.
a4 a5 26. Nb3 Ba6 27. Nbd4 c5 28. Nb5 Nb2 29. Kg1 Nxa4 30. Nxc7 Bxc7 31. Bxc7 Nxc3 32. Rxa5 Bb5 33. Be5 d4 34. Bd6 Rc8 35. Be5 Bc6 36. Nd2 Bd5 37. Kf2 Bf7 38. Kf3 Nd5 39. Ke4 Ne7 40. Nc4 Bxc4 0-1

[Event "Early-Titled-Tuesday-Blitz-October-10-2023"]
[Site "Chess.com"]
[Date "2023.10.10"]
[Round "4"]
[White "karwowskikacper"]
[Black "ActorXu"]
[Result "0-1"]
[WhiteElo "2534"]
[BlackElo "2736"]
[TimeControl "180+1"]
[EndTime "8:38:10 PDT"]
[Termination "ActorXu won by resignation"]

1. e4 c5 2. Nf3 Nc6 3. d4 cxd4 4. Nxd4 Nf6 5. Nc3 e6 6. Ndb5 Bc5 7. Bf4 O-O 8. Bd6 Qb6 9. Bxc5 Qxc5 10. Qd6 Qb6 11. Qc7 Qc5 12. Qd6 Qb6 13. Qc7 Qxc7 14. Nxc7 Rb8 15. N7b5 d5 16. exd5 exd5 17. O-O-O a6 18.
Nd4 Ng4 19. Nxc6 bxc6 20. Rd2 Re8 21. Bd3 a5 22. h3 Ne5 23. Na4 Kf8 24. Rhd1 Ke7 25.
f4 Nxd3+ 26. cxd3 Kd6 27. d4 Bf5 28. Nc5 Re3 29. b3 h5 30. Kb2 h4 31. Rc1 Rbe8 32.
Nb7+ Kd7 33. Nxa5 Re2 34. Rd1 Kc7 35. Kc1 R8e3 36. Rxe2 Rxe2 37. Rd2 Rxd2 38. Kxd2 Be4 39. g4 hxg3 40. Ke3 c5 41. dxc5 d4+ 42. Ke2 d3+ 43.
Ke3 g2 44. Kxe4 d2 45. Kd3 d1=Q+ 0-1

[Event "Early-Titled-Tuesday-Blitz-October-10-2023"]
[Site "Chess.com"]
[Date "2023.10.10"]
[Round "4"]
[White "soumeow"]
[Black "feuervogel1000000"]
[Result "0-1"]
[WhiteElo "2292"]
[BlackElo "2503"]
[TimeControl "180+1"]
[EndTime "8:38:10 PDT"]
[Termination "feuervogel1000000 won by resignation"]

1. e4 c5 2. Nf3 d6 3. d4 cxd4 4. Nxd4 Nf6 5. Nc3 a6 6. h3 e5 7.
Nde2 h5 8. Bg5 Be7 9. g3 Be6 10.
Bg2 Nbd7 11. a4 Rc8 12. O-O Qc7 13. b3 O-O 14. Qd2 Rfe8 15. Kh1 Qa5 16. f4 exf4 17. gxf4 Nf8 18. Rab1 N8h7 19. Bh4 Nxe4 20. Bxe4 Bxh4 21.
b4 Qc7 22. Nd5 Bxd5 23. Bxd5 Qxc2 24. Qxc2 Rxc2 25. Nd4 Rd2 26. Rbd1 Rxd1 27. Rxd1 Re7 28. Nf5 Re1+ 29. Rxe1 Bxe1 30. Nxd6 Bxb4 31. Nxb7 Nf6 32. Bc4 a5 33. Nd8 Kf8 34. Nxf7 Ke7 35. Ne5 Ne4 36. Kg2 Kf6 37. Bd3 Nc5 38. Bc2 g5 39. Kf3 Ne6 40. Nd7+ Ke7 41. f5 Nd4+ 42. Ke4 Nxc2 43.
Ne5 Kf6 44. Nf3 g4 45. hxg4 hxg4 46. Nh4 g3 47. Kf3 Bd6 48. Ng2 Nd4+ 49. Kg4 Nxf5 0-1

[Event "Early-Titled-Tuesday-Blitz-October-10-2023"]
[Site "Chess.com"]
[Date "2023.10.10"]
[Round "4"]
[White "CSB7"]
[Black "dropstoneDP"]
[Result "0-1"]
[WhiteElo "2750"]
[BlackElo "3062"]
[TimeControl "180+1"]
[EndTime "8:38:11 PDT"]
[Termination "dropstoneDP won by resignation"]

1. d4 Nf6 2. Nf3 d5 3. c4 e6 4. Nc3 Be7 5. g3 O-O 6. Bg2 Nbd7 7. O-O dxc4 8. e4 b5 9. e5 Nd5 10. Nxb5 Bb7 11. Nd2 a6 12. Nc3 Nxc3 13. bxc3 Bxg2 14. Kxg2 Nb6 15. Qg4 Qd5+ 16. Ne4 Kh8 17. f3 Na4 18. h4 f5 19. exf6 gxf6 20. Bh6 Rg8 21. Qf4 Rg6 22. Qxc7 Qd8 23. Qxd8+ Rxd8 24. Bf4 f5 25. h5 Rg7 26.
Be5 h6 27. Nd2 Rc8 28. Rfc1 Ba3 29. Rc2 Nb2 30. Rb1 Nd3 31. Bxg7+ Kxg7 32. Kf1 Bd6 33. Ke2 Bxg3 34. Rg1 Nf4+ 35. Ke3 Nxh5 36. f4 Kf6 37. Kf3 Bxf4 38. Rh1 Ng3 39. Rh3 Bxd2 40. Rxd2 Ne4 41. Rxh6+ Ke7 42. Rh7+ Kd6 43. Rc2 Ng5+ 44. Kf4 Nxh7 0-1

[Event "Early-Titled-Tuesday-Blitz-October-10-2023"]
[Site "Chess.com"]
[Date "2023.10.10"]
[Round "4"]
[White "play1ngtheangel"]
[Black "RobertoJBM"]
[Result "0-1"]
[WhiteElo "2644"]
[BlackElo "2827"]
[TimeControl "180+1"]
[EndTime "8:38:11 PDT"]
[Termination "RobertoJBM won by checkmate"]

1. e4 c6 2. Nf3 d5 3. Nc3 dxe4 4. Nxe4 Bg4 5. h3 Bxf3 6. Qxf3 Nd7 7. d4 Ndf6 8. c3 Nxe4 9. Qxe4 Nf6 10. Qc2 Qd5 11.
Bf4 e6 12. Rg1 Bd6 13. Bc4 Qxc4 14. Bxd6 O-O-O 15. Be7 Rxd4 16. b3 Re4+ 17. Kd1 Qd5+ 18. Kc1 Re8 19. Bxf6 gxf6 20. Kb2 Qe5 21. Rad1 Rd8 22.
Rxd8+ Kxd8 23. Rd1+ Kc7 24. Qd3 Re2+ 25. Ka1 Kb6 26.
Qd8+ Ka6 27. Rd4 Re4 28. Rxe4 Qxe4 29. Qxf6 Qxg2 30. h4 Qg6 31. Qd4 Qf5 32. a4 b6 33.
Kb2 Qd5 34. Qf6 Qd2+ 35. Kb1 c5 36. Qxf7 Qxc3 37. Qxe6 Ka5 38. f4 Kb4 39. Ka2 Qc2+ 40. Ka1 Ka3 41. b4 Qb2# 0-1

[Event "Early-Titled-Tuesday-Blitz-October-10-2023"]
[Site "Chess.com"]
[Date "2023.10.10"]
[Round "4"]
[White "ChessTankMan"]
[Black "carloseduar100"]
[Result "1-0"]
[WhiteElo "2517"]
[BlackElo "2330"]
[TimeControl "180+1"]
[EndTime "8:38:11 PDT"]
[Termination "ChessTankMan won by checkmate"]

1. e4 e6 2. Qe2 d5 3. exd5 Qxd5 4.
Nc3 Qd8 5. Nf3 Nf6 6. d4 b6 7.
Bg5 Bb7 8. O-O-O Nbd7 9. d5 Qe7 10. Nb5 O-O-O 11. Nxa7+ Kb8 12. Nc6+ Bxc6 13. dxc6 Nc5 14. Rxd8+ Qxd8 15. Ne5 Qd5 16. c4 Qe4 17. Qxe4 Nfxe4 18. Be3 f6 19. Nf7 Rg8 20. f3 Nd6 21. Nd8 Be7 22. Bxc5 Rxd8 23. Be3 Nf5 24. Bf2 Rd6 25. c5 Rxc6 26. Bb5 Rxc5+ 27. Bxc5 Bxc5 28. Rd1 Nd4 29. Bc4 e5 30. a3 g5 31. h4 h6 32. hxg5 hxg5 33.
Rh1 c6 34. Rh7 Nf5 35. Rf7 Ne3 36. Bd3 Nxg2 37. Rxf6 Kc7 38. Be4 Bd6 39. Rf7+ Kd8 40. Bxc6 Bc5 41. Be4 Bd4 42. Kc2 Ne3+ 43. Kd3 Nd1 44. b4 g4 45. Rg7 gxf3 46. Bxf3 Nb2+ 47. Kc2 Nc4 48. Be4 Nxa3+ 49. Kd3 Nb5 50. Bc6 Nd6 51. Rd7+ Kc8 52. Rxd6 Kc7 53. Re6 Bb2 54. Kc4 Bd4 55. Kd5 Bb2 56. Re7+ Kc8 57. Kd6 Kb8 58. Re8+ Ka7 59. Ra8# 1-0

[Event "Early-Titled-Tuesday-Blitz-October-10-2023"]
[Site "Chess.com"]
[Date "2023.10.10"]
[Round "4"]
[White "Politov_Pavel"]
[Black "CraiggoryC"]
[Result "1/2-1/2"]
[WhiteElo "2045"]
[BlackElo "2259"]
[TimeControl "180+1"]
[EndTime "8:38:11 PDT"]
[Termination "Game drawn by repetition"]

1. e4 e6 2. d4 d5 3. Nc3 Bb4 4. e5 c5 5. a3 Bxc3+ 6. bxc3 Ne7 7. Qg4 Qc7 8. Qxg7 Rg8 9. Qxh7 cxd4 10. Ne2 Nbc6 11.
f4 dxc3 12. h4 Bd7 13. h5 O-O-O 14. Qd3 d4 15. Rg1 Kb8 16. g4 Bc8 17. Rb1 b6 18. g5 Nf5 19. Ng3 Nxg3 20. Rxg3 Ne7 21.
Bh3 Nf5 22. Bxf5 exf5 23. a4 Be6 24. a5 Bc4 25. Qxf5 d3 26. cxd3 c2 27. dxc4 cxb1=Q 28. Qxb1 Rd4 29. axb6 axb6 30. Rb3 Rxc4 31. Rxb6+ Kc8 32. Qf5+ Kd8 33. Rd6+ Ke8 34. Bd2 Rc1+ 35.
Bxc1 Qxc1+ 36. Rd1 Qe3+ 37. Kf1 Qf3+ 38. Ke1 Qe3+ 39.
Kf1 Qf3+ 40. Ke1 Qe3+ 1/2-1/2